NYP
EUGENE EMERALDS @ SALEM-KEIZER VOLCANOES
04/21/2047
 
TOP OF THE 1ST
Eugene Emeralds batting - Pitching for Salem-Keizer Volcanoes : RHP Tucker Perillo
Pitching: RHP Tucker Perillo
Batting: RHB Hugo Torrez 0-0: SINGLE (Groundball, 6MD, EV 106.2 MPH)
Batting: RHB Bill Holmes 0-0: Ball
1-0: Called Strike
1-1: Ball
2-1: Foul Ball, location: 2F
2-2: Ball
3-2: Fly out, F8 (Flyball, 8RD, EV 103.8 MPH)
Batting: RHB Roy Battist 0-0: Ball
1-0: Ball
2-0: Foul Ball, location: 2F
2-1: Called Strike
Hugo Torrez steals 2nd base
2-2: Ball
3-2: TRIPLE (Line Drive, 89XD, EV 101.2 MPH)
Hugo Torrez scores
Batting: RHB Taylor Garofalo 0-0: Ground out U3 (Groundball, 34, EV 110.6 MPH)
Roy Battist scores
Batting: RHB Mike Larson 0-0: Ball
1-0: Swinging Strike
1-1: Foul Ball, location: 2F
1-2: Ball
2-2: Foul Ball, location: 2F
2-2: Ball
3-2: DOUBLE (Line Drive, 7LS, EV 98.8 MPH)
Batting: RHB Josh Burns 0-0: Called Strike
0-1: Fly out, F9 (Flyball, 9D, EV 81.9 MPH)
Top of the 1st over - 2 runs, 3 hits, 0 errors, 1 left on base; Eugene 2 - Salem-Keizer 0
BOTTOM OF THE 1ST
Salem-Keizer Volcanoes batting - Pitching for Eugene Emeralds : RHP Bogdan Sdobnyakov
Pitching: RHP Bogdan Sdobnyakov
Batting: LHB Gil Caraveo 0-0: Bunt missed!
0-1: Ball
1-1: SINGLE (Line Drive, 8RS, EV 105.0 MPH)
Batting: RHB Ian Richardson 0-0: Ball
Gil Caraveo steals 2nd base
1-0: Called Strike
1-1: Called Strike
1-2: Ball
2-2: Strikes out swinging
Batting: LHB John Whitman 0-0: Called Strike
0-1: Ball
1-1: DOUBLE (Line Drive, 9LM, EV 107.5 MPH)
Gil Caraveo scores
Batting: RHB Omar Jordan 0-0: Called Strike
0-1: Foul Ball, location: 2F
0-2: Ball
1-2: 2-RUN HOME RUN (Flyball, 9D, EV 100.0 MPH), Distance : 367 ft
Batting: RHB Matt Shepard 0-0: SOLO HOME RUN (Flyball, 9LD, EV 95.0 MPH), Distance : 343 ft
Batting: LHB Nate Conley 0-0: Ground out 4-3 (Groundball, 34D, EV 103.1 MPH)
Batting: RHB Gabe Ochoa 0-0: Called Strike
0-1: Swinging Strike
0-2: Ball
1-2: Strikes out looking
Bottom of the 1st over - 4 runs, 4 hits, 0 errors, 0 left on base; Eugene 2 - Salem-Keizer 4
TOP OF THE 2ND
Eugene Emeralds batting - Pitching for Salem-Keizer Volcanoes : RHP Tucker Perillo
Batting: LHB Hiroki Yamamoto 0-0: Called Strike
0-1: Fly out, F8 (Flyball, 8RD, EV 90.6 MPH)
Batting: RHB Gilberto Alvarado 0-0: Called Strike
0-1: SINGLE (Groundball, 5L, EV 91.2 MPH) (infield hit)
Batting: RHB Alvaro Romero 0-0: Ball
Gilberto Alvarado steals 2nd base
1-0: Ground out 6-3 (Groundball, 6M, EV 90.0 MPH)
Gilberto Alvarado to third
Batting: RHB Hugo Torrez 0-0: Called Strike
0-1: Foul Ball, location: 2F
0-2: Ball
1-2: Ball
2-2: Strikes out swinging
Top of the 2nd over - 0 runs, 1 hit, 0 errors, 1 left on base; Eugene 2 - Salem-Keizer 4
BOTTOM OF THE 2ND
Salem-Keizer Volcanoes batting - Pitching for Eugene Emeralds : RHP Bogdan Sdobnyakov
Pitching: RHP Dustin Buckner
Batting: RHB John Tyra 0-0: Called Strike
0-1: Ball
1-1: Swinging Strike
1-2: Strikes out swinging
Batting: RHB Ed Broomhead 0-0: Ground out 4-3 (Groundball, 4, EV 81.2 MPH)
Batting: LHB Gil Caraveo 0-0: DOUBLE (Line Drive, 78D, EV 111.2 MPH)
Batting: RHB Ian Richardson 0-0: Called Strike
0-1: Swinging Strike
0-2: Ball
1-2: Strikes out looking
Bottom of the 2nd over - 0 runs, 1 hit, 0 errors, 1 left on base; Eugene 2 - Salem-Keizer 4
TOP OF THE 3RD
Eugene Emeralds batting - Pitching for Salem-Keizer Volcanoes : RHP Tucker Perillo
Batting: RHB Bill Holmes 0-0: Ball
1-0: Foul Ball, location: 2F
1-1: Called Strike
1-2: Strikes out swinging
Batting: RHB Roy Battist 0-0: Foul Ball, location: 2F
0-1: Foul Ball, location: 2F
0-2: Foul Ball, location: 2F
0-2: Foul Ball, location: 2F
0-2: Strikes out swinging, 2-3 out at first.
Batting: RHB Taylor Garofalo 0-0: Ball
1-0: DOUBLE (Flyball, 78XD, EV 96.9 MPH)
Batting: RHB Mike Larson 0-0: Ball
1-0: Foul Ball, location: 2F
1-1: Foul Ball, location: 2F
1-2: Ball
2-2: Strikes out swinging
Top of the 3rd over - 0 runs, 1 hit, 0 errors, 1 left on base; Eugene 2 - Salem-Keizer 4
BOTTOM OF THE 3RD
Salem-Keizer Volcanoes batting - Pitching for Eugene Emeralds : RHP Dustin Buckner
Batting: LHB John Whitman 0-0: Foul Ball, location: 2F
0-1: Ball
1-1: Fly out, F7 (Flyball, 78S, EV 90.6 MPH)
Batting: RHB Omar Jordan 0-0: Called Strike
0-1: Called Strike
0-2: Ball
1-2: Ball
2-2: SINGLE (Groundball, 56D, EV 98.1 MPH)
Pitching: RHP Angel Pesina
Batting: RHB Matt Shepard 0-0: Called Strike
0-1: Ball
1-1: SINGLE (Groundball, 6MD, EV 105.6 MPH)
Omar Jordan to second
Runner from 2nd tries for 3rd, OUT! 8-5
Batting: LHB Nate Conley 0-0: Ball
1-0: Ball
2-0: Ball
3-0: Base on Balls
Matt Shepard to second
Batting: RHB Gabe Ochoa 0-0: Ball
1-0: Foul Ball, location: 2F
1-1: Ball
2-1: Called Strike
2-2: Foul Ball, location: 2F
2-2: Ball
3-2: Base on Balls
Matt Shepard to third
Nate Conley to second
Batting: RHB John Tyra 0-0: Called Strike
0-1: Ball
1-1: Ground out 3-1 (Groundball, 34S, EV 80.0 MPH)
Bottom of the 3rd over - 0 runs, 2 hits, 0 errors, 3 left on base; Eugene 2 - Salem-Keizer 4
TOP OF THE 4TH
Eugene Emeralds batting - Pitching for Salem-Keizer Volcanoes : RHP Tucker Perillo
Batting: RHB Josh Burns 0-0: Ball
1-0: Called Strike
1-1: Called Strike
1-2: Ball
2-2: Ball
3-2: Foul Ball, location: 2F
3-2: Foul Ball, location: 2F
3-2: Foul Ball, location: 2F
3-2: Strikes out swinging
Batting: LHB Hiroki Yamamoto 0-0: Swinging Strike
0-1: Ground out 4-3 (Groundball, 4, EV 84.4 MPH)
Batting: RHB Gilberto Alvarado 0-0: Swinging Strike
0-1: Fly out, F9 (Flyball, 9D, EV 92.5 MPH)
Top of the 4th over - 0 runs, 0 hits, 0 errors, 0 left on base; Eugene 2 - Salem-Keizer 4
BOTTOM OF THE 4TH
Salem-Keizer Volcanoes batting - Pitching for Eugene Emeralds : RHP Angel Pesina
Batting: RHB Ed Broomhead 0-0: Ball
1-0: Called Strike
1-1: Ball
2-1: Ball
3-1: Foul Ball, location: 2F
3-2: SINGLE (Groundball, 6D, EV 98.8 MPH)
Pitching: LHP Eddie Panagos
Batting: LHB Gil Caraveo 0-0: Ball
1-0: Fielders Choice at 2nd, 6-4 (Groundball, 6M, EV 86.2 MPH)
Batting: RHB Ian Richardson 0-0: Ball
1-0: Called Strike
1-1: Ball
2-1: Ball
3-1: Called Strike
3-2: Foul Ball, location: 2F
3-2: Base on Balls
Gil Caraveo to second
Batting: LHB John Whitman 0-0: Foul Ball, location: 2F
0-1: Foul Ball, location: 2F
0-2: Foul Ball, location: 2F
0-2: Ball
1-2: SINGLE (Groundball, 4MD, EV 96.2 MPH)
Gil Caraveo to third
Ian Richardson to second
Runner from 3rd tries for Home, SAFE, throw by CF to home
Batting: RHB Omar Jordan 0-0: DOUBLE (Flyball, 89D, EV 91.2 MPH)
Ian Richardson scores
John Whitman to third
Batting: RHB Matt Shepard 0-0: Ball
1-0: Ball
2-0: Ball
3-0: Called Strike
3-1: Base on Balls
Batting: LHB Nate Conley 0-0: Called Strike
0-1: Ball
1-1: Swinging Strike
1-2: Strikes out swinging
Batting: RHB Gabe Ochoa 0-0: Ball
1-0: Called Strike
1-1: SINGLE (Groundball, 6MD, EV 102.5 MPH)
John Whitman scores
Omar Jordan to third
Matt Shepard to second
Runner from 3rd tries for Home, SAFE, throw by CF to home
Batting: RHB John Tyra 0-0: Ball
1-0: Foul Ball, location: 2F
1-1: Ball
2-1: Ball
Wild Pitch!
Matt Shepard to third
Gabe Ochoa to second
3-1: SINGLE (Groundball, 4MD, EV 108.8 MPH)
Matt Shepard scores
Gabe Ochoa to third
Runner from 3rd tries for Home, throw by CF and OUT! 8-2
Bottom of the 4th over - 5 runs, 5 hits, 0 errors, 1 left on base; Eugene 2 - Salem-Keizer 9
TOP OF THE 5TH
Eugene Emeralds batting - Pitching for Salem-Keizer Volcanoes : RHP Tucker Perillo
Batting: RHB Alvaro Romero 0-0: Ball
1-0: Called Strike
1-1: Swinging Strike
1-2: Fly out, F9 (Flyball, 9LMF, EV 95.6 MPH)
Batting: RHB Hugo Torrez 0-0: Called Strike
0-1: Called Strike
0-2: Ball
1-2: Foul Ball, location: 2F
1-2: Ball
2-2: Ball
3-2: Base on Balls
Batting: RHB Bill Holmes 0-0: SINGLE (Groundball, 6MD, EV 108.1 MPH)
Hugo Torrez to second
Batting: RHB Roy Battist 0-0: Foul Ball, location: 2F
0-1: Called Strike
0-2: Strikes out swinging
Batting: RHB Taylor Garofalo 0-0: Called Strike
0-1: Foul Ball, location: 2F
0-2: Foul Ball, location: 2F
0-2: Foul Ball, location: 2F
0-2: Strikes out swinging
Top of the 5th over - 0 runs, 1 hit, 0 errors, 2 left on base; Eugene 2 - Salem-Keizer 9
BOTTOM OF THE 5TH
Salem-Keizer Volcanoes batting - Pitching for Eugene Emeralds : LHP Eddie Panagos
Batting: RHB Ed Broomhead 0-0: Ball
1-0: Ball
2-0: Ball
3-0: Called Strike
3-1: Ground out 2-3 (Groundball, 13S, EV 68.8 MPH)
Batting: LHB Gil Caraveo 0-0: Ball
1-0: Ball
2-0: Called Strike
2-1: Ground out 1-3 (Groundball, 13S, EV 77.5 MPH)
Batting: RHB Ian Richardson 0-0: Ball
1-0: Ground out 1-3 (Groundball, 34S, EV 73.1 MPH)
Bottom of the 5th over - 0 runs, 0 hits, 0 errors, 0 left on base; Eugene 2 - Salem-Keizer 9
TOP OF THE 6TH
Eugene Emeralds batting - Pitching for Salem-Keizer Volcanoes : RHP Tucker Perillo
Pitching: RHP Dylan Mosley
Batting: RHB Mike Larson 0-0: Called Strike
0-1: Swinging Strike
0-2: Strikes out looking
Batting: RHB Josh Burns 0-0: Called Strike
0-1: Ball
1-1: Foul Ball, location: 2F
1-2: Ball
2-2: Fly out, F5 (Line Drive, 5, EV 68.1 MPH)
Batting: LHB Hiroki Yamamoto 0-0: Called Strike
0-1: Ball
1-1: Ground out 4-3 (Groundball, 4S, EV 87.5 MPH)
Top of the 6th over - 0 runs, 0 hits, 0 errors, 0 left on base; Eugene 2 - Salem-Keizer 9
BOTTOM OF THE 6TH
Salem-Keizer Volcanoes batting - Pitching for Eugene Emeralds : LHP Eddie Panagos
Batting: LHB John Whitman 0-0: Called Strike
0-1: Ball
1-1: Foul Ball, location: 2F
1-2: Ball
2-2: Foul Ball, location: 2F
2-2: Foul Ball, location: 2F
2-2: Ball
3-2: Base on Balls
Batting: RHB Omar Jordan 0-0: Ball
1-0: Ball
2-0: Ball
3-0: Base on Balls
John Whitman to second
Batting: RHB Matt Shepard 0-0: Called Strike
0-1: Swinging Strike
0-2: Strikes out swinging
Batting: LHB Nate Conley 0-0: Ball
1-0: SINGLE (Line Drive, 78M, EV 103.1 MPH)
John Whitman to third
Omar Jordan to second
Batting: RHB Gabe Ochoa 0-0: Foul Ball, location: 2F
0-1: SINGLE (Groundball, 56D, EV 99.4 MPH)
John Whitman scores
Omar Jordan to third
Nate Conley to second
Runner from 3rd tries for Home, SAFE, throw by LF to home
Pitching: RHP Juan Bonilla
Batting: RHB John Tyra 0-0: Ball
1-0: Ball
2-0: Ball
3-0: Hit by Pitch
Nate Conley to third
Gabe Ochoa to second
Batting: RHB Ed Broomhead 0-0: SINGLE (Groundball, 6D, EV 97.5 MPH)
Nate Conley scores
Gabe Ochoa to third
John Tyra to second
Runner from 3rd tries for Home, SAFE, throw by CF to home
Batting: LHB Gil Caraveo 0-0: Swinging Strike
0-1: SINGLE (Groundball, 6S, EV 75.6 MPH) (infield hit)
John Tyra to third
Ed Broomhead to second
Batting: RHB Ian Richardson 0-0: Called Strike
0-1: Fly out, F9 (Line Drive, 9, EV 106.9 MPH)
Runner from 3rd tags up, SCORES, throw by RF
Ed Broomhead to third
Batting: LHB John Whitman 0-0: Called Strike
0-1: Ball
1-1: Swinging Strike
1-2: Ball
2-2: DOUBLE (Line Drive, 89D, EV 110.6 MPH)
Ed Broomhead scores
Gil Caraveo to third
Runner from 3rd tries for Home, throw by CF and OUT! 8-4-2
Bottom of the 6th over - 6 runs, 5 hits, 0 errors, 1 left on base; Eugene 2 - Salem-Keizer 15
TOP OF THE 7TH
Eugene Emeralds batting - Pitching for Salem-Keizer Volcanoes : RHP Dylan Mosley
Batting: RHB Gilberto Alvarado 0-0: Foul Ball, location: 2F
0-1: Ground out 4-3 (Groundball, 4, EV 83.8 MPH)
Batting: RHB Alvaro Romero 0-0: Ground out 4-3 (Groundball, 4, EV 100.0 MPH)
Batting: RHB Hugo Torrez 0-0: Ball
1-0: Called Strike
1-1: Swinging Strike
1-2: Strikes out looking
Top of the 7th over - 0 runs, 0 hits, 0 errors, 0 left on base; Eugene 2 - Salem-Keizer 15
BOTTOM OF THE 7TH
Salem-Keizer Volcanoes batting - Pitching for Eugene Emeralds : RHP Juan Bonilla
Batting: RHB Omar Jordan 0-0: Ball
1-0: Ball
2-0: Called Strike
2-1: Foul Ball, location: 2F
2-2: SOLO HOME RUN (Flyball, 89XD, EV 113.1 MPH), Distance : 424 ft
Pinch Hitting: RHB Pedro Quezada 0-0: Ball
1-0: Ball
2-0: Ball
3-0: Base on Balls
Batting: LHB Nate Conley 0-0: Foul Ball, location: 2F
0-1: Foul Ball, location: 2F
0-2: SINGLE (Flyball, 78S, EV 100.6 MPH)
Pedro Quezada to second
Batting: RHB Gabe Ochoa 0-0: Hit by Pitch
Pedro Quezada to third
Nate Conley to second
Batting: RHB John Tyra 0-0: Called Strike
0-1: Ball
1-1: Ball
2-1: Called Strike
2-2: Fielders Choice at 3rd, U5 (Groundball, 5L, EV 84.4 MPH)
Pedro Quezada scores
Gabe Ochoa to second
Batting: RHB Ed Broomhead 0-0: Called Strike
Balk!
Gabe Ochoa to third
John Tyra to second
0-1: Called Strike
0-2: Foul Ball, location: 2F
0-2: Fly out, F7 (Flyball, 78S, EV 71.2 MPH)
Batting: LHB Gil Caraveo 0-0: Fly out, F9 (Flyball, 9S, EV 81.9 MPH)
Bottom of the 7th over - 2 runs, 2 hits, 0 errors, 2 left on base; Eugene 2 - Salem-Keizer 17
TOP OF THE 8TH
Eugene Emeralds batting - Pitching for Salem-Keizer Volcanoes : RHP Dylan Mosley
Now at 2B: Pedro Quezada
Batting: RHB Bill Holmes 0-0: Fly out, F7 (Flyball, 7, EV 73.8 MPH)
Batting: RHB Roy Battist 0-0: Called Strike
0-1: SINGLE (Groundball, 56, EV 110.0 MPH) (infield hit)
Batting: RHB Taylor Garofalo 0-0: Ball
1-0: Ball
2-0: Swinging Strike
2-1: Swinging Strike
2-2: Strikes out swinging
Batting: RHB Mike Larson 0-0: Foul Ball, location: 2F
0-1: Foul Ball, location: 2F
0-2: Strikes out swinging
Top of the 8th over - 0 runs, 1 hit, 0 errors, 1 left on base; Eugene 2 - Salem-Keizer 17
BOTTOM OF THE 8TH
Salem-Keizer Volcanoes batting - Pitching for Eugene Emeralds : RHP Juan Bonilla
Batting: RHB Ian Richardson 0-0: Ball
1-0: Ball
2-0: Called Strike
2-1: Foul Ball, location: 2F
2-2: Ball
3-2: Base on Balls
Pitching: RHP T.J. Garrison
Batting: LHB John Whitman 0-0: Called Strike
0-1: Called Strike
0-2: Ball
Wild Pitch!
Ian Richardson to second
1-2: Foul Ball, location: 2F
1-2: Ball
2-2: Ball
3-2: Base on Balls
Batting: RHB Omar Jordan 0-0: Called Strike
0-1: Ball
1-1: SINGLE (Groundball, 6MD, EV 98.1 MPH)
Ian Richardson to third
John Whitman to second
Runner from 3rd tries for Home, SAFE, throw by CF to home
Batting: RHB Pedro Quezada 0-0: Swinging Strike
0-1: Fly out, F9 (Flyball, 89D, EV 102.5 MPH)
Batting: LHB Nate Conley 0-0: Fielders Choice at 2nd, 3-6 (Groundball, 34, EV 85.6 MPH)
John Whitman to third
Batting: RHB Gabe Ochoa 0-0: Ball
Wild Pitch!
John Whitman scores
Nate Conley to second
1-0: Ball
2-0: Foul Ball, location: 2F
2-1: Foul Ball, location: 2F
2-2: Hit by Pitch
Batting: RHB John Tyra Balk!
Nate Conley to third
Gabe Ochoa to second
0-0: Ball
1-0: Foul Ball, location: 2F
1-1: Called Strike
1-2: Ball
Wild Pitch!
Nate Conley scores
Gabe Ochoa to third
Balk!
Gabe Ochoa scores
2-2: Foul Ball, location: 2F
2-2: Foul Ball, location: 2F
2-2: Foul Ball, location: 2F
2-2: Ball
3-2: Base on Balls
Batting: RHB Ed Broomhead 0-0: Fly out, F8 (Flyball, 8LD, EV 101.2 MPH)
Bottom of the 8th over - 4 runs, 1 hit, 0 errors, 1 left on base; Eugene 2 - Salem-Keizer 21
TOP OF THE 9TH
Eugene Emeralds batting - Pitching for Salem-Keizer Volcanoes : RHP Dylan Mosley
Batting: RHB Josh Burns 0-0: Ball
1-0: Foul Ball, location: 2F
1-1: Ball
2-1: SINGLE (Groundball, 6MD, EV 103.8 MPH)
Batting: LHB Hiroki Yamamoto 0-0: Swinging Strike
0-1: Called Strike
0-2: Foul Ball, location: 2F
0-2: Foul Ball, location: 2F
0-2: Ball
1-2: Strikes out swinging
Batting: RHB Gilberto Alvarado 0-0: Ball
1-0: Ball
2-0: DOUBLE (Groundball, 5L, EV 105.6 MPH)
Josh Burns to third
Batting: RHB Alvaro Romero 0-0: Ball
1-0: Foul Ball, location: 2F
1-1: Called Strike
1-2: Strikes out swinging
Batting: RHB Hugo Torrez 0-0: Called Strike
0-1: Swinging Strike
0-2: Strikes out swinging
Top of the 9th over - 0 runs, 2 hits, 0 errors, 2 left on base; Eugene 2 - Salem-Keizer 21
Thursday, December 15th , 2022 - OOTP Baseball 23.9 Build 102